[Event "*** Titled Tuesday Blitz"]
[Site "Chess.com"]
[Date "2021.03.30"]
[Round "1"]
[White "Ladislav1969"]
[Black "Revnov"]
[Result "0-1"]
[WhiteElo "2350"]
[BlackElo "2669"]
[TimeControl "180+1"]
[EndTime "10:06:50 PDT"]
[Termination "Revnov won by resignation"]

1. e4 c5 2. d4 cxd4 3. c3 d3 4. Bxd3 Nc6 5. c4 e5 6. Nc3 Bc5 7. Nd5 d6 8. Ne2 Nf6 9. Bg5 Bxf2+ 10. Kxf2 Ng4+ 11. Ke1 Qxg5 12. Nc7+ Kd8 13. Nxa8 Ne3 14. Qd2 Nxg2+ 15. Kd1 Ne3+ 16. Kc1 Be6 17. Rg1 Qh6 18. Rg3 Nxc4 19. Qxh6 gxh6 20. b3 N4a5 21. Kb2 Kd7 22. Rc1 Rxa8 23. b4 Nxb4 24. Bb5+ Nbc6 25.
Nc3 a6 26. Nd5 Bxd5 27. exd5 axb5 28. dxc6+ bxc6 29. Rg7 Nc4+ 30. Kb1 Ke6 31. Rxh7 f5 32. Rxh6+ Kd5 33. Rd1+ Ke4 34. h4 f4 35. h5 d5 36. Rg6 Ne3 37. Rc1 f3 38. h6 f2 39.
h7 Rh8 40. Rgxc6 f1=Q 41. Rxf1 Nxf1 42. Rc7 d4 43. Kc2 Ne3+ 44. Kd2 Nc4+ 45. Ke2 Kd5 46. Rg7 e4 47. Rg5+ Ne5 48. Rh5 e3 49. a3 Ke4 50.
Rh4+ Kd5 51. Rh5 Kd6 52. Rh6+ Kc5 53. Rh5 Kc4 54. Rxe5 Rxh7 55. Re8 Rh2+ 56. Ke1 Kd3 0-1

[Event "*** Titled Tuesday Blitz"]
[Site "Chess.com"]
[Date "2021.03.30"]
[Round "1"]
[White "MerryPoppies"]
[Black "OriTaichman"]
[Result "0-1"]
[WhiteElo "2222"]
[BlackElo "2542"]
[TimeControl "180+1"]
[EndTime "10:06:51 PDT"]
[Termination "OriTaichman won by resignation"]

1. d4 Nf6 2. c4 g6 3. Nc3 Bg7 4. Nf3 O-O 5. h3 d6 6. e4 e5 7.
d5 a5 8. Be3 Na6 9. Be2 Nc5 10.
Nd2 Ne8 11. O-O f5 12. Bxc5 dxc5 13. f4 exf4 14. Rxf4 Qg5 15. Rf1 Nd6 16. exf5 Bd4+ 17. Kh1 Nxf5 18. Nde4 Qh6 19. Qc1 Be3 20. Qe1 Nh4 21. Rxf8+ Kxf8 22. Qg3 Nf5 23. Rf1 g5 24. Qe5 Bf4 25. Nxg5 Bxe5 26. Nce4 Kg8 27. Bg4 Qxg5 28. Nxg5 Ng3+ 29. Kg1 Bd4+ 30. Rf2 Bxg4 31. hxg4 Rf8 32. Nh3 Ne4 0-1

[Event "*** Titled Tuesday Blitz"]
[Site "Chess.com"]
[Date "2021.03.30"]
[Round "1"]
[White "nrvisakh"]
[Black "The_Machine04"]
[Result "1-0"]
[WhiteElo "2832"]
[BlackElo "2436"]
[TimeControl "180+1"]
[EndTime "10:06:55 PDT"]
[Termination "nrvisakh won by resignation"]

1. e4 d6 2. d4 Nf6 3. Nc3 e5 4. Nf3 Nbd7 5. a4 Be7 6. g4 Nxg4 7. Rg1 h5 8. h3 Ngf6 9. Rxg7 exd4 10. Qxd4 Nc5 11.
Ng5 Ne6 12. Nxe6 Bxe6 13. Bg5 Rf8 14. Rd1 Nd7 15. Bxe7 Qxe7 16. Be2 h4 17. f4 Qf6 18. f5 Ne5 19. Rg1 Bd7 20. Nd5 Qd8 21. Qe3 Bc6 22. Nf4 Qe7 23. Nh5 b6 24. f6 Qe6 25. Ng7+ Kd7 26.
Nxe6 fxe6 27. Rg7+ Rf7 28. Bh5 Rxg7 29. fxg7 Rg8 30. Qg5 Bxe4 31. Qxe5 1-0

[Event "*** Titled Tuesday Blitz"]
[Site "Chess.com"]
[Date "2021.03.30"]
[Round "1"]
[White "CSB7"]
[Black "thechesscorner64"]
[Result "1-0"]
[WhiteElo "2670"]
[BlackElo "2355"]
[TimeControl "180+1"]
[EndTime "10:06:56 PDT"]
[Termination "CSB7 won by checkmate"]

1. d4 Nf6 2. c4 e6 3. Nf3 Bb4+ 4. Bd2 Qe7 5. g3 Nc6 6. Nc3 Bxc3 7. Bxc3 d5 8. Bg2 Ne4 9. O-O Nxc3 10. bxc3 O-O 11. Rb1 b6 12. Re1 Rd8 13. Nd2 Bb7 14. cxd5 exd5 15. e4 dxe4 16. Nxe4 Qf8 17. Nc5 bxc5 18. Rxb7 Na5 19. Rxc7 Rac8 20. Rxc8 Rxc8 21. Qa4 Qd8 22. dxc5 h6 23. h4 g6 24. Qf4 Rxc5 25. Qxh6 Rxc3 26. h5 Qf8 27. Qd2 Qc5 28. hxg6 fxg6 29.
Qd8+ Kg7 30. Re7+ Kh6 31. Qh8+ Kg5 32. Qh4+ Kf5 33. Qf4# 1-0

[Event "*** Titled Tuesday Blitz"]
[Site "Chess.com"]
[Date "2021.03.30"]
[Round "1"]
[White "The_filthy"]
[Black "AndrewMaco"]
[Result "0-1"]
[WhiteElo "2330"]
[BlackElo "2624"]
[TimeControl "180+1"]
[EndTime "10:06:56 PDT"]
[Termination "AndrewMaco won by resignation"]

1. e4 c6 2. d4 d5 3. exd5 cxd5 4. Bd3 Nc6 5. c3 Nf6 6. h3 e5 7. dxe5 Nxe5 8. Bc2 Bc5 9. Nf3 Nxf3+ 10. Qxf3 Qe7+ 11. Qe2 Qxe2+ 12. Kxe2 O-O 13. Re1 d4 14. Bg5 Nd5 15. c4 Nb4 16. Na3 Nxc2 17. Nxc2 Bf5 18. Na3 Rac8 19. Rac1 Rfe8+ 20. Kf3 Bb4 21. Rxe8+ Rxe8 22. Nb5 d3 23. a3 d2 24. Rd1 Bc2 25. Rxd2 Bxd2 26. Bxd2 Be4+ 27. Kg3 Bd3 28. Be3 a6 29. Nd6 Re7 30. c5 f6 31. b4 Bb5 32. Kf4 Bc6 33.
g4 Re5 34. h4 Rd5 35. g5 fxg5+ 36. hxg5 Rd3 37. Ke5 Rxa3 38. f4 Rxe3+ 0-1

[Event "*** Titled Tuesday Blitz"]
[Site "Chess.com"]
[Date "2021.03.30"]
[Round "1"]
[White "hleol"]
[Black "Artem_Sadovsky"]
[Result "1/2-1/2"]
[WhiteElo "2364"]
[BlackElo "2664"]
[TimeControl "180+1"]
[EndTime "10:06:58 PDT"]
[Termination "Game drawn by repetition"]

1. d4 g6 2. c4 Bg7 3. e4 d6 4.
Nc3 e5 5. Be3 Nc6 6. d5 Nce7 7. g3 f5 8. Bg2 Nf6 9. Qd2 O-O 10. Bh6 Bxh6 11. Qxh6 fxe4 12. Nxe4 Nf5 13. Qd2 Nxe4 14. Bxe4 Nd4 15. O-O-O Qf6 16. f4 Bf5 17. fxe5 dxe5 18. Bxf5 Qxf5 19. Ne2 Nf3 20. Qe3 e4 21. Nd4 Nxd4 22. Rxd4 Rae8 23. Re1 Qf2 24. Rxe4 Rxe4 25.
Qxe4 Qxh2 26. Qe6+ Rf7 27. Qe8+ Kg7 28. Qe5+ Kg8 29.
Qe8+ Kg7 30. Qe5+ Kh6 31. Qe3+ Kh5 32. Qe5+ Kh6 33. Qe3+ Kg7 34. Qe5+ 1/2-1/2

[Event "*** Titled Tuesday Blitz"]
[Site "Chess.com"]
[Date "2021.03.30"]
[Round "1"]
[White "Nayemhaque22"]
[Black "OhanyanEminChess"]
[Result "0-1"]
[WhiteElo "2351"]
[BlackElo "2670"]
[TimeControl "180+1"]
[EndTime "10:06:58 PDT"]
[Termination "OhanyanEminChess won by resignation"]

1. d4 Nf6 2. Nf3 g6 3. c4 Bg7 4.
Nc3 d5 5. cxd5 Nxd5 6. e4 Nxc3 7.
bxc3 c5 8. Bb5+ Nc6 9. O-O cxd4 10. cxd4 O-O 11. Be3 Bg4 12. Bxc6 bxc6 13. Rc1 Bxf3 14.
gxf3 Qd7 15. Kg2 Rfd8 16. Qa4 Bxd4 17. Rfd1 e5 18. Bxd4 exd4 19. Rd3 Rac8 20. Rc5 h5 21. h4 Qe7 22. Qc4 Qxh4 23. Rxd4 Rxd4 24. Qxd4 Qe7 25. f4 Qh4 26. Qd6 Qg4+ 27. Kh2 Qf3 28. Rxc6 Qxf2+ 29. Kh3 Qf3+ 30. Kh2 Rxc6 31. Qxc6 Qxf4+ 32. Kg2 h4 33. Qa8+ Kg7 34. Qxa7 Qxe4+ 35. Kh3 g5 36. Qf2 Qd3+ 37. Kh2 Qg3+ 38. Qxg3 hxg3+ 39. Kxg3 Kf8 40. Kg4 f6 41. Kf5 Ke7 42. a4 Kd6 43. a5 Kc6 0-1

[Event "*** Titled Tuesday Blitz"]
[Site "Chess.com"]
[Date "2021.03.30"]
[Round "1"]
[White "Klavdia_Nik"]
[Black "karinachess1"]
[Result "0-1"]
[WhiteElo "2019"]
[BlackElo "2495"]
[TimeControl "180+1"]
[EndTime "10:06:58 PDT"]
[Termination "karinachess1 won on time"]

1. Nf3 Nf6 2. c4 e6 3. b3 Be7 4. Bb2 O-O 5. g3 c5 6. Bg2 d5 7. O-O Nc6 8. d3 d4 9. Nbd2 e5 10. b4 cxb4 11. a3 a5 12. axb4 Bxb4 13. Ba3 Re8 14.
Bxb4 Nxb4 15. Ng5 h6 16. Nge4 Nxe4 17. Nxe4 f5 18. Nc5 Qc7 19. Na4 Bd7 20. Qb3 Bc6 21. c5+ Kh7 22. Nb6 Ra6 23. Bh3 g6 24. Qc4 Kg7 25. Rfc1 Qf7 26. Qxf7+ Kxf7 27. Nc4 Kf6 28. Rxa5 e4 29. Rxa6 Nxa6 30. Nd6 Re5 31. Bg2 Rxc5 32.
Rb1 exd3 0-1

[Event "*** Titled Tuesday Blitz"]
[Site "Chess.com"]
[Date "2021.03.30"]
[Round "1"]
[White "x-5963514717"]
[Black "MarcoRiehle"]
[Result "0-1"]
[WhiteElo "2362"]
[BlackElo "2685"]
[TimeControl "180+1"]
[EndTime "10:06:59 PDT"]
[Termination "MarcoRiehle won by resignation"]

1. Nf3 d5 2. g3 c5 3. Bg2 Nc6 4. d4 Nf6 5. O-O e6 6. c4 dxc4 7. Ne5 Nxe5 8. dxe5 Nd5 9. Na3 c3 10. e4 cxb2 11. Bxb2 Nc7 12. Qxd8+ Kxd8 13. Rfd1+ Bd7 14.
Rd2 Ke8 15. Nc4 Bc6 16. Na5 Rd8 17. Rxd8+ Kxd8 18. Rd1+ Kc8 19. Nxc6 bxc6 20. Bf1 Be7 21. f3 Rd8 22. Rxd8+ Kxd8 23. Kf2 Kc8 24. Ke3 Kb7 25.
f4 Kb6 26. h4 Ka5 27. f5 Kb4 28. f6 Bf8 29. g4 g6 30. Kd2 Nb5 31. Kc2 c4 32.
Be2 c3 33. a3+ Nxa3+ 34. Bxa3+ Kxa3 35. Kxc3 a5 36. h5 Bb4+ 37. Kc2 gxh5 38. gxh5 Bc5 39. Bc4 Bd4 40. Bxe6 fxe6 41. f7 Bc5 42. Kd3 Kb4 0-1

[Event "*** Titled Tuesday Blitz"]
[Site "Chess.com"]
[Date "2021.03.30"]
[Round "1"]
[White "profofchess"]
[Black "Twitch_ElhamBlitz05"]
[Result "0-1"]
[WhiteElo "2456"]
[BlackElo "2876"]
[TimeControl "180+1"]
[EndTime "10:07:00 PDT"]
[Termination "Twitch_ElhamBlitz05 won by resignation"]

1. e4 c6 2. Nf3 d5 3. Nc3 dxe4 4. Nxe4 Nf6 5. Qe2 Nxe4 6. Qxe4 Qd5 7. Qf4 Qf5 8. Qe3 Qe6 9. b3 Qxe3+ 10. fxe3 Bf5 11. Bd3 Bxd3 12. cxd3 Nd7 13. Bb2 f6 14. Ke2 e5 15.
d4 e4 16. Ne1 Bd6 17. d3 exd3+ 18. Nxd3 O-O 19. Raf1 Rfe8 20. Nf4 Re7 21. Rf3 Rae8 22. g3 Nb6 23. Re1 Bxf4 24. gxf4 Nd5 25. Kd2 f5 26. Ba3 Re6 27. h4 Nf6 28. Kd3 Kf7 29. Rg3 g6 30. Reg1 Ng4 31. Bc1 Nf2+ 32. Kc2 Ne4 33. Rh3 Nf6 34. Kd3 b6 35. a4 Rd8 36.
Kc2 Rd5 37. Bb2 Ng4 38. Rgg3 Nf2 39. Rh2 Ne4 40. Rgh3 Nf6 41. Rg3 Rd7 42. Rhh3 Rde7 43. Kd3 Ng4 44. Rf3 h5 45. Bc1 Rd7 46. Bb2 c5 47. Rh1 Re4 48. Rd1 cxd4 49. Bxd4 Nxe3 50. Rxe3 Rexd4+ 0-1

[Event "*** Titled Tuesday Blitz"]
[Site "Chess.com"]
[Date "2021.03.30"]
[Round "1"]
[White "sbouchet"]
[Black "kflorian98"]
[Result "1-0"]
[WhiteElo "2394"]
[BlackElo "2686"]
[TimeControl "180+1"]
[EndTime "10:07:00 PDT"]
[Termination "sbouchet won by resignation"]

1. e4 c6 2. Nc3 d5 3. Nf3 Bg4 4. h3 Bxf3 5. Qxf3 e6 6. d3 g6 7. Bd2 Bg7 8. g4 Qb6 9. O-O-O Ne7 10. h4 h6 11. Qg3 Na6 12. h5 g5 13. f4 Nb4 14.
Kb1 gxf4 15. Qxf4 dxe4 16. dxe4 O-O-O 17. Bc4 Rhf8 18. Bb3 Qc5 19. Be3 Rxd1+ 20. Rxd1 Qa5 21. a3 Na6 22. Bxa7 Nc7 23. Be3 Nb5 24. Nxb5 Qxb5 25.
Qd6 Bf6 26. Bf4 e5 27. Bxh6 Qe2 28. Bxf8 Nd5 29. exd5 Qxd1+ 30. Ka2 Bg7 31. dxc6 Qxd6 32. Bxd6 e4 33. cxb7+ Kxb7 34. Bd5+ Kb6 35. Bxe4 Bf8 36.
Bxf8 1-0

[Event "*** Titled Tuesday Blitz"]
[Site "Chess.com"]
[Date "2021.03.30"]
[Round "1"]
[White "CzechmVIII"]
[Black "Stormeman100100"]
[Result "0-1"]
[WhiteElo "2212"]
[BlackElo "2534"]
[TimeControl "180+1"]
[EndTime "10:07:00 PDT"]
[Termination "Stormeman100100 won on time"]

1. e4 c6 2. d4 d5 3. e5 Bf5 4.
Nc3 e6 5. g4 Bg6 6. Nge2 c5 7.
h4 h6 8. Nf4 Bh7 9. Be3 Nc6 10.
Qd2 cxd4 11. Bxd4 Nxd4 12. Qxd4 Ne7 13. O-O-O Nc6 14. Bb5 a6 15. Bxc6+ bxc6 16. Qa4 Qb6 17. Nfxd5 exd5 18. Nxd5 Qb7 19. Rhe1 Bc5 20. f4 O-O 21.
Nc3 Rab8 22. b3 Bb4 23. Re3 Rfd8 24. Rxd8+ Rxd8 25. f5 h5 26. f6 hxg4 27. fxg7 c5 28. e6 fxe6 29. Kb2 Qg2 30. Ne2 Qd5 0-1

[Event "*** Titled Tuesday Blitz"]
[Site "Chess.com"]
[Date "2021.03.30"]
[Round "1"]
[White "tjychess"]
[Black "slowdgehammer"]
[Result "1-0"]
[WhiteElo "2679"]
[BlackElo "2361"]
[TimeControl "180+1"]
[EndTime "10:07:01 PDT"]
[Termination "tjychess won by checkmate"]

1. d4 d5 2. c4 dxc4 3. Nf3 Nf6 4.
e3 e6 5. Bxc4 a6 6. a4 c5 7. O-O Nc6 8. Qe2 Be7 9. Rd1 Qc7 10. Nc3 cxd4 11. exd4 Nb4 12. Bg5 O-O 13.
Rac1 Qa5 14. Ne5 Nbd5 15. Qf3 Nxc3 16. bxc3 Qxa4 17. Bd3 Qe8 18. Bb1 Nd7 19. Qh3 g6 20. Bh6 Nxe5 21. dxe5 b5 22. Be4 Rb8 23. Qf3 Ba3 24.
Ra1 Qe7 25. Bxf8 Qxf8 26. Rxa3 Qxa3 27. Rd8+ Kg7 28. Qf6+ Kh6 29. h4 Qc1+ 30. Kh2 b4 31.
Qxf7 bxc3 32. Bf3 g5 33. Qf6# 1-0

[Event "*** Titled Tuesday Blitz"]
[Site "Chess.com"]
[Date "2021.03.30"]
[Round "1"]
[White "gilbert_gm"]
[Black "campomania3"]
[Result "1-0"]
[WhiteElo "2539"]
[BlackElo "2217"]
[TimeControl "180+1"]
[EndTime "10:07:01 PDT"]
[Termination "gilbert_gm won on time"]

1. e4 c6 2. Nc3 d5 3. Qe2 dxe4 4. Nxe4 Nf6 5. Nf3 Nxe4 6. Qxe4 Be6 7. Be2 Qd5 8. Qe3 g6 9. c4 Qd8 10. Ng5 Bf5 11. g4 Bc8 12. Qc3 f6 13. b3 Bg7 14. Bb2 O-O 15. h4 e5 16. Ne4 Na6 17. g5 f5 18. Nf6+ Bxf6 19. gxf6 Qxf6 20. f4 Nc5 21.
fxe5 Qe7 22. e6 Bxe6 23. O-O-O Ne4 24. Qh8+ Kf7 25. Qxh7+ Ke8 26. Qxg6+ Bf7 27. Qg1 a5 28. d3 Nd6 29. Bf3 Kd7 30. Re1 Qd8 31. Be5 1-0

[Event "*** Titled Tuesday Blitz"]
[Site "Chess.com"]
[Date "2021.03.30"]
[Round "1"]
[White "dropstoneDP"]
[Black "Majesth"]
[Result "1-0"]
[WhiteElo "2946"]
[BlackElo "2467"]
[TimeControl "180+1"]
[EndTime "10:07:02 PDT"]
[Termination "dropstoneDP won on time"]

1. Nf3 g6 2. e4 Bg7 3. Bc4 e6 4. O-O Ne7 5. Bb3 O-O 6. Re1 d5 7. Nc3 c5 8. d3 Nbc6 9. exd5 exd5 10. Bg5 h6 11. Bh4 Be6 12. Qd2 c4 13. Ba4 Qa5 14.
d4 g5 15. Bg3 Nf5 16. Bxc6 bxc6 17. Be5 Rfe8 18. Bxg7 Kxg7 19. Ne5 Qb6 20. Rad1 Rac8 21. Na4 Qa6 22. Nc5 Qxa2 23. Qc3 Rb8 24. b3 Qa3 25. Nxc6 cxb3 26. Ra1 1-0

[Event "*** Titled Tuesday Blitz"]
[Site "Chess.com"]
[Date "2021.03.30"]
[Round "1"]
[White "CrushingKings"]
[Black "vugarrasulov"]
[Result "0-1"]
[WhiteElo "2446"]
[BlackElo "2860"]
[TimeControl "180+1"]
[EndTime "10:07:02 PDT"]
[Termination "vugarrasulov won by resignation"]

1. e4 c5 2. Nf3 d6 3. d4 cxd4 4. Nxd4 Nf6 5. Nc3 a6 6. f3 e5 7.
Nb3 Be7 8. Be3 Be6 9. Qd2 Nbd7 10. g4 O-O 11. O-O-O Rc8 12. Kb1 b5 13. g5 Nh5 14.
Nd5 Bxd5 15. exd5 Nf4 16. h4 Nb6 17. Bxf4 exf4 18. Qxf4 Re8 19. Bd3 g6 20. Be4 Bf8 21. Nd4 Bg7 22. Nc6 Qc7 23. h5 Na4 24. c3 b4 25. Bc2 Nb6 26. Nxb4 Nc4 27. Nc6 Ne3 28. Rd3 Nxd5 29. Rxd5 Qxc6 30. Bb3 Re2 31. hxg6 Rxb2+ 32. Kxb2 Qxc3+ 33. Ka3 hxg6 34. Qh2 Rb8 35. Qxd6 Bf8 36. Qxf8+ Rxf8 37. f4 Rb8 38. Rhd1 Qb4+ 39. Kb2 Qxf4 40. R1d4 Qf2+ 41. Ka3 Rf8 42. Rc4 Qb6 43. Re4 a5 44. Re7 Qb4+ 45. Kb2 Qxe7 0-1

[Event "*** Titled Tuesday Blitz"]
[Site "Chess.com"]
[Date "2021.03.30"]
[Round "1"]
[White "zmeeed67"]
[Black "Jumbo"]
[Result "0-1"]
[WhiteElo "2417"]
[BlackElo "2781"]
[TimeControl "180+1"]
[EndTime "10:07:02 PDT"]
[Termination "Jumbo won by checkmate"]

1. d4 e6 2. c4 b6 3. a3 Bb7 4.
Nc3 f5 5. d5 Nf6 6. g3 Bd6 7.
Bg2 O-O 8. Nh3 a5 9. O-O Na6 10. b3 Nc5 11. Bb2 Be5 12. Qc2 d6 13. Rad1 Bxc3 14.
Bxc3 e5 15. b4 axb4 16. axb4 Na4 17. Bd2 Qd7 18. Ng5 b5 19. Ne6 Rf7 20. Qxf5 bxc4 21. e4 Nxd5 22. Qh3 Nf6 23. f4 Bxe4 24. Bxe4 Nxe4 25.
f5 Nb2 26. Rde1 Nxd2 27. Ng5 h6 28. Nxf7 Nxf1 29. Nxh6+ gxh6 30. Qxh6 Qg7 31. Qe6+ Qf7 32. Qh6 Nxg3 33. hxg3 Nd3 34. Re4 Qxf5 35. Rh4 Ra1+ 36. Kg2 Ra2+ 37. Kh1 Qf1# 0-1

[Event "*** Titled Tuesday Blitz"]
[Site "Chess.com"]
[Date "2021.03.30"]
[Round "1"]
[White "Chessmasterzt"]
[Black "annamaja"]
[Result "0-1"]
[WhiteElo "2612"]
[BlackElo "2352"]
[TimeControl "180+1"]
[EndTime "10:07:02 PDT"]
[Termination "annamaja won by checkmate"]

1. d4 d5 2. c4 c6 3. Nf3 Nf6 4. Nc3 e6 5. Bg5 Nbd7 6. cxd5 exd5 7. e3 Bd6 8. Bd3 O-O 9. Qc2 h6 10. Bh4 Re8 11. O-O-O b5 12. g4 b4 13. Ne2 Qa5 14. Kb1 Ne4 15. g5 h5 16. g6 f6 17. Qxc6 b3 18.
axb3 Rb8 19. Bxe4 dxe4 20. Qxd6 exf3 21. Nc1 Qf5+ 22. Rd3 Rb6 23. Qg3 Ba6 24. Rd1 Bxd3+ 25. Rxd3 Rc8 26. e4 Qxe4 27. Ka1 Rxc1+ 28. Ka2 Ra6# 0-1

[Event "*** Titled Tuesday Blitz"]
[Site "Chess.com"]
[Date "2021.03.30"]
[Round "1"]
[White "gvanna"]
[Black "Vanina1989"]
[Result "0-1"]
[WhiteElo "2405"]
[BlackElo "2764"]
[TimeControl "180+1"]
[EndTime "10:07:05 PDT"]
[Termination "Vanina1989 won by resignation"]

1. e4 c6 2. Nf3 d5 3. Nc3 Bg4 4.
h3 Bxf3 5. Qxf3 Nf6 6. d4 dxe4 7. Nxe4 Qxd4 8. Bd3 Nbd7 9. Be3 Qd5 10. O-O Ne5 11. Nxf6+ gxf6 12. Qg3 Nxd3 13. cxd3 e6 14. Rfe1 Bd6 15.
Bf4 O-O-O 16. Bxd6 Rhg8 17. Qh2 Rxd6 18. Re3 Rdd8 19. Kh1 Rg5 20. Rg3 Rxg3 21. Qxg3 Qxd3 22. Qg7 Qg6 23. Qxg6 fxg6 24. Kg1 Rd2 25. Rb1 Kd7 26. g3 e5 27. Kg2 Ke6 28. Kf3 f5 29. Ke3 Rd4 30. Rc1 Kd5 31. Rc3 Rb4 32. b3 Rd4 33.
Rc2 g5 34. Ke2 h5 35. Ke3 h4 36. Kf3 hxg3 37. fxg3 Rd3+ 38. Kf2 e4 39. Re2 Ke5 40. Kg2 f4 41. gxf4+ gxf4 42. Rc2 Kf5 43. Rc5+ Rd5 44. Rc2 Kg5 45. Rc4 Rd2+ 0-1

[Event "*** Titled Tuesday Blitz"]
[Site "Chess.com"]
[Date "2021.03.30"]
[Round "1"]
[White "MatyChess1"]
[Black "dpopadic"]
[Result "1-0"]
[WhiteElo "2616"]
[BlackElo "2318"]
[TimeControl "180+1"]
[EndTime "10:07:05 PDT"]
[Termination "MatyChess1 won by resignation"]

1. e4 c5 2. Nf3 Nc6 3. d4 cxd4 4. Nxd4 Nf6 5. Nc3 e5 6. Ndb5 d6 7. Bg5 a6 8. Na3 b5 9. Bxf6 gxf6 10. Nd5 Bg7 11.
g3 O-O 12. Bg2 Rb8 13. c3 f5 14. exf5 Bxf5 15. Nc2 Bg6 16. O-O f5 17. f4 Kh8 18. a4 bxa4 19. Qc1 a5 20. Rxa4 Ne7 21. Nce3 Nxd5 22. Nxd5 Be8 23. Ra1 Bc6 24. Kh1 Bxd5 25.
Bxd5 exf4 26. gxf4 Qb6 27. b3 Rbc8 28. c4 Qxb3 29. Rxa5 Rce8 30. Ra7 Bf6 31. Qb1 Qh3 32. Rf3 Qh5 33. Qf1 Bd4 34. Rb7 Qh4 35. Rh3 Re1 36. Rxh7+ Kxh7 37. Rxh4+ Kg7 38. Qxe1 1-0

[Event "*** Titled Tuesday Blitz"]
[Site "Chess.com"]
[Date "2021.03.30"]
[Round "1"]
[White "youngKID"]
[Black "BendyBear"]
[Result "0-1"]
[WhiteElo "2737"]
[BlackElo "2439"]
[TimeControl "180+1"]
[EndTime "10:07:06 PDT"]
[Termination "BendyBear won by resignation"]

1. d4 Nf6 2. Bg5 c5 3. d5 g6 4. Nc3 Bg7 5. e4 d6 6. Qd2 a6 7.
Bh6 O-O 8. f3 b5 9. h4 Qa5 10.
Nge2 Bxh6 11. Qxh6 b4 12. Nd1 b3+ 13. Ndc3 bxc2 14.
h5 Nbd7 15. Nf4 Ne5 16. Rc1 Rb8 17. Rxc2 Bd7 18. Be2 Rxb2 19. Rxb2 Qxc3+ 20. Rd2 Qc1+ 21. Rd1 Qc3+ 22. Kf1 Rb8 23. hxg6 fxg6 24. Qh4 Rb2 25. Qe1 Qe3 26. Nd3 Nxd3 27. Rxd3 Qg5 28. Rb3 Rc2 29. a3 Bb5 30. Rxb5 axb5 31. Qb1 Rc1+ 0-1

[Event "*** Titled Tuesday Blitz"]
[Site "Chess.com"]
[Date "2021.03.30"]
[Round "1"]
[White "Tea99"]
[Black "GMRafpig"]
[Result "0-1"]
[WhiteElo "2304"]
[BlackElo "2606"]
[TimeControl "180+1"]
[EndTime "10:07:06 PDT"]
[Termination "GMRafpig won by resignation"]

1. e4 e5 2. Nf3 Nc6 3. Bb5 a6 4. Ba4 Nf6 5. d3 b5 6. Bb3 Bc5 7. O-O d6 8. c3 h6 9. h3 O-O 10. Nbd2 Bb6 11. a4 Bb7 12. Re1 Re8 13. Nf1 d5 14. Ng3 dxe4 15. dxe4 Qxd1 16. Rxd1 Rad8 17. Be3 Bxe3 18. fxe3 Rxd1+ 19. Rxd1 Na5 20. Bc2 Nc4 21. axb5 axb5 22. Bd3 Nxb2 23. Rd2 Nxd3 24. Rxd3 Nxe4 25. Nxe4 Bxe4 26. Rd7 c6 27. Kf2 f6 28. Nd2 Bf5 29.
Rc7 Rc8 30. Rb7 Rd8 31. Ke2 Bd3+ 32. Ke1 Ra8 33. Rc7 Ra6 34. Rc8+ Kh7 35. Nb3 Ra3 36. Nc1 Be4 37. Ne2 Bxg2 38. Kf2 Bxh3 39. Rxc6 Ra2 40.
Ke1 Bg4 41. Ng3 h5 42. Rc7 h4 43. Ne4 Kg6 44. Nf2 Bf3 45. Kf1 Ra1+ 0-1

[Event "*** Titled Tuesday Blitz"]
[Site "Chess.com"]
[Date "2021.03.30"]
[Round "1"]
[White "federicosellitti"]
[Black "LordIron"]
[Result "1-0"]
[WhiteElo "2544"]
[BlackElo "2222"]
[TimeControl "180+1"]
[EndTime "10:07:06 PDT"]
[Termination "federicosellitti won by checkmate"]

1. e4 c5 2. Nc3 d6 3. g3 g6 4. Bg2 Bg7 5. d3 Nc6 6. Be3 Nf6 7.
h3 O-O 8. Qd2 e5 9. Bh6 Nd4 10.
Bxg7 Kxg7 11. Nd1 d5 12. c3 Nc6 13. exd5 Nxd5 14. Ne3 Be6 15. Nf3 Re8 16. O-O Qf6 17. Rae1 Nxe3 18. fxe3 Qd8 19. h4 e4 20. Ng5 Qxd3 21.
Qf2 f5 22. Bxe4 Qc4 23. Bb1 Ne5 24. e4 Ng4 25. Qf4 Bd7 26. exf5 Qxf4 27. gxf4 Bxf5 28. Bxf5 gxf5 29. Ne6+ Kf6 30. Nxc5 Rg8 31. Re6+ Kf7 32. Rfe1 b6 33. Re7+ Kf8 34. Nd7# 1-0

[Event "*** Titled Tuesday Blitz"]
[Site "Chess.com"]
[Date "2021.03.30"]
[Round "1"]
[White "jraosam"]
[Black "Omk124"]
[Result "0-1"]
[WhiteElo "1840"]
[BlackElo "2478"]
[TimeControl "180+1"]
[EndTime "10:07:06 PDT"]
[Termination "Omk124 won on time"]

1. c4 Nf6 2. Nc3 g6 3. e4 d6 4. d4 Bg7 5. f4 O-O 6. Nf3 Nbd7 7. Bd3 e5 8. fxe5 dxe5 9. d5 Nc5 10. Bc2 a5 11. O-O Bg4 12. h3 Bxf3 13. Qxf3 Ne8 14. Be3 b6 15. Rae1 Nd6 16. Bc1 Nxc4 17. Qg3 Nd6 18.
Bg5 f6 19. Be3 Nd7 20. Qh2 Nc4 21. Bc1 Qe7 22. g4 Nd6 23. h4 h6 24. Ne2 Nb5 25.
Ng3 Qc5+ 26. Kh1 Nd4 27. Bb1 Qb4 28. a3 Qc4 29. g5 fxg5 30. hxg5 Nf3 31. Qe2 Qxe2 32.
Rxe2 Nxg5 33. Kg2 Rxf1 34. Kxf1 Rf8+ 35. Kg2 Nf3 36. Be3 Nd4 37. Rd2 Nc5 38. Rf2 Rxf2+ 39. Bxf2 h5 40. Kf1 Bf6 41. Ne2 Ncb3 42. Nc3 g5 43. Bd3 h4 44. Bc4 Nd2+ 0-1

[Event "*** Titled Tuesday Blitz"]
[Site "Chess.com"]
[Date "2021.03.30"]
[Round "1"]
[White "Fandorine"]
[Black "Mihnea2017"]
[Result "1-0"]
[WhiteElo "2871"]
[BlackElo "2453"]
[TimeControl "180+1"]
[EndTime "10:07:07 PDT"]
[Termination "Fandorine won by resignation"]

1. c4 e5 2. g3 c6 3. Nf3 e4 4.
Nd4 d5 5. cxd5 cxd5 6. d3 Nf6 7. Bg2 Nc6 8. Nb3 Bb4+ 9. Bd2 O-O 10. Bxb4 Nxb4 11. a3 Nc6 12. O-O Qb6 13. Nc3 Re8 14. h3 e3 15. f4 d4 16. Na4 Qd8 17. Rc1 h5 18. Nac5 a5 19. Qe1 a4 20. Na1 Qb6 21.
Rc2 Ra5 22. b4 axb3 23. Naxb3 Rxa3 24. Rb2 Qa7 25. Kh2 Ra2 26. Qb1 Rxb2 27. Qxb2 Ne7 28. Qxd4 Nf5 29. Qa4 Qb8 30. Nd4 h4 31. Nxf5 Bxf5 32.
g4 Bxg4 33. hxg4 Nxg4+ 34. Kg1 Rc8 35. Nd7 Qc7 36. Ne5 Nxe5 37. fxe5 Qxe5 38. Qxh4 Rc2 39. Qd8+ Kh7 40. Be4+ Kh6 41. Qh4+ Qh5 42. Qxh5+ Kxh5 43. Rxf7 Rxe2 44. Bf3+ 1-0

[Event "*** Titled Tuesday Blitz"]
[Site "Chess.com"]
[Date "2021.03.30"]
[Round "1"]
[White "Kale36"]
[Black "AlexOstrovskiy"]
[Result "0-1"]
[WhiteElo "2397"]
[BlackElo "2730"]
[TimeControl "180+1"]
[EndTime "10:07:07 PDT"]
[Termination "AlexOstrovskiy won by checkmate"]

1. b3 d5 2. Bb2 Bf5 3. e3 e6 4. Nf3 h6 5. d4 Nf6 6. Bd3 Bxd3 7. cxd3 Nbd7 8. O-O Be7 9. Nbd2 O-O 10. Ne5 c6 11.
f4 a5 12. f5 exf5 13. Rxf5 Ne8 14. Qh5 Nd6 15. Rf2 Bg5 16. Re1 a4 17. Ndf3 Be7 18.
Nxd7 Qxd7 19. Ne5 Qe6 20. Ref1 axb3 21. axb3 Bg5 22. Bc1 Ra1 23. h4 Rxc1 24. hxg5 Rxf1+ 25. Rxf1 hxg5 26. Qxg5 f6 27. Qg6 Qe8 28. Qxe8 Rxe8 29. Ng4 Ra8 30. Re1 Ra3 31. e4 Nb5 32. exd5 cxd5 33. Re7 Nxd4 34. Rxb7 Rxb3 35. Rd7 Rxd3 36.
Kf2 Ne6 37. g3 Nc5 38. Ra7 Ne4+ 39. Ke2 Rxg3 40. Ne3 d4 41. Nf5 d3+ 42. Ke1 Rg1# 0-1

[Event "*** Titled Tuesday Blitz"]
[Site "Chess.com"]
[Date "2021.03.30"]
[Round "1"]
[White "ErikRonka"]
[Black "Gloomy_Wanderer"]
[Result "0-1"]
[WhiteElo "2384"]
[BlackElo "2709"]
[TimeControl "180+1"]
[EndTime "10:07:07 PDT"]
[Termination "Gloomy_Wanderer won by checkmate"]

1. e4 c5 2. Nf3 a6 3. Nc3 e6 4.
d4 b5 5. d5 d6 6. Be2 e5 7.
O-O Nf6 8. Nd2 Nbd7 9. a4 b4 10. Ncb1 a5 11. Re1 Be7 12. Bf1 O-O 13. Nc4 Ba6 14. Nbd2 Kh8 15. Bd3 g6 16. Nf1 Nh5 17. g3 Bxc4 18. Bxc4 Bg5 19. Qe2 Nb6 20. Bb5 Ng7 21. c3 Bxc1 22. Raxc1 f5 23. exf5 gxf5 24. Kh1 Ra7 25. Rcd1 bxc3 26. bxc3 f4 27. Nd2 Raf7 28. Ne4 Nd7 29. Nxd6 Rf6 30. Ne4 Rh6 31. Qg4 fxg3 32.
fxg3 Nf6 33. Nxf6 Rhxf6 34. Rxe5 Qd6 35. Rde1 Rg6 36. Qd7 Qf6 37. R5e3 Nf5 38. Re6 Nxg3+ 39. hxg3 Qf3+ 40. Kh2 Qxg3+ 41. Kh1 Qg2# 0-1